 Dungeon Crawl Stone Soup version 0.27.1-33-g824d729ab1 (webtiles) character file.

Game seed: 11999179572468601600

44 Descartes the Changer (level 3, 0/18 HPs)
             Began as a Spriggan Wanderer on Nov 26, 2021.
             Slain by Natasha (5 damage)
             ... on level 2 of the Dungeon.
             The game lasted 00:07:03 (2345 turns).

Descartes the Changer (Spriggan Wanderer)           Turns: 2345, Time: 00:07:03

Health: 0/18       AC:  2    Str:  8    XL:     3   Next: 39%
Magic:  1/7        EV: 15    Int: 11    God:
Gold:   33         SH:  6    Dex: 17    Spells: 5/6 levels left

rFire    . . .     SeeInvis +   a - +0 dagger
rCold    . . .     Faith    .   d - +0 buckler
rNeg     . . .     Spirit   .   c - +0 robe
rPois    .         Reflect  .   (helmet restricted)
rElec    .         Harm     .   (no cloak)
rCorr    .         Rampage  .   (gloves unavailable)
Will     .....                  (boots unavailable)
Stlth    ++........             (no amulet)
HPRegen  0.06/turn              (no ring)
MPRegen  0.10/turn              (no ring)

@: slowed, quick
A: very small, no large weapons, unfitting armour, see invisible, speed 3
a: no special abilities


You were on level 2 of the Dungeon.
You visited 1 branch of the dungeon, and saw 2 of its levels.

You collected 33 gold pieces.

Inventory:

Hand Weapons
 a - a +0 dagger (weapon)
Missiles
 f - 5 stones
Armour
 c - a +0 robe (worn)
 d - a +0 buckler (worn)
Scrolls
 e - a scroll of fog {unknown}
 g - 2 scrolls of identify {unknown}
 j - a scroll of blinking {unknown}
Potions
 b - 4 potions of curing
 h - a potion of attraction {unknown}
 i - a potion of mutation {unknown}


   Skills:
 - Level 1.0 Fighting
 + Level 1.2(1.5) Short Blades
 - Level 1.0(1.1) Long Blades
 - Level 1.0 Throwing
 + Level 1.1 Dodging
 + Level 2.4 Stealth
 * Level 1.3 Shields
 + Level 2.0 Spellcasting
 - Level 1.2 Hexes
 - Level 4.0 Transmutations
 + Level 1.1 Poison Magic


You had 5 spell levels left.
You knew the following spells:

 Your Spells              Type           Power      Damage    Failure   Level
a - Sting                 Tmut/Pois      24%        1d4       16%         1

Your spell library contained the following spells:

 Spells                   Type           Power      Damage    Failure   Level
 Spider Form              Tmut/Pois      3%         N/A       41%         3
 Ensorcelled Hibernation  Hex/Ice        4%         N/A       45%         2
 Ignite Poison            Fire/Tmut/Pois 4%         N/A       54%         3
 Shadow Creatures         Summ           N/A        N/A       100%        6


Dungeon Overview and Level Annotations

Branches:
Dungeon (2/15)

Altars:
Trog

Annotations:
D:2 Natasha


Innate Abilities, Weirdness & Mutations

You are very small and have problems with some larger weapons.
You are too small for most types of armour.
You have supernaturally acute eyesight. (SInv)
You cover ground extremely quickly. (Speed+++)


Message History

You closely miss Natasha.
Natasha is moderately wounded.
Natasha closely misses you.
Casting: Sting (safe; 16% risk of failure)
Confirm with . or Enter, or press ? or * to list all spells.
Aiming: Sting (safe; 16% risk of failure)
Press: ? - help, Shift-Dir - straight line, f/p - Natasha
Aim: Natasha (moderately wounded, 60% to hit)
The sting misses Natasha.
Natasha misses you. Natasha claws you but does no damage.
You closely miss Natasha.
Natasha is moderately wounded.
Natasha misses you.
You hit Natasha but do no damage.
Natasha is moderately wounded.
Natasha closely misses you. Natasha misses you.
Your magical contamination has completely faded away.
You closely miss Natasha.
Natasha is moderately wounded.
Natasha barely misses you.
You hit Natasha but do no damage.
Natasha is moderately wounded.
You block Natasha's attack. Natasha barely misses you.
Casting: Sting (safe; 16% risk of failure)
Confirm with . or Enter, or press ? or * to list all spells.
Aiming: Sting (safe; 16% risk of failure)
Press: ? - help, Shift-Dir - straight line, f/p - Natasha
Aim: Natasha (moderately wounded, 60% to hit)
The sting hits Natasha.
Natasha is poisoned.
Natasha is moderately wounded.
Natasha mumbles some strange words.
Natasha glows brightly for a moment.
You block Natasha's attack.
Casting: Sting (safe; 16% risk of failure)
Confirm with . or Enter, or press ? or * to list all spells.
Aiming: Sting (safe; 16% risk of failure)
Press: ? - help, Shift-Dir - straight line, f/p - Natasha
Aim: Natasha (heavily wounded, poisoned, 60% to hit)
The sting misses Natasha.
You block Natasha's attack. Natasha claws you.
You die...

#.#.# #.###.###
########.#.###........
#.....................
#.######.#.#######.##.
#.#.........##.
#.########..##.
#####.###### #..##.
#.#.##....†.....#
#..##.
#.....h@##.####.#
#..##. ###.##..##.#
#..##. #..##.# ##..##.
....... .......
#..###.# ##..##. #..
... ....... #.. .#
....... (.. ##..##.
.......


You could see Natasha (poisoned).

Vanquished Creatures
  A worm (D:2)
  A dart slug (D:1)
  5 endoplasms
  A giant cockroach (D:1)
  2 goblins
  6 hobgoblins
  4 jackals (D:1)
  2 quokkas
  4 ball pythons
  3 bats
  A frilled lizard (D:2)
  A kobold (D:1)
  3 rats
34 creatures vanquished.

Notes
Turn   | Place    | Note
-------+----------+-------------------------------------------
     0 | D:1      | Descartes the Spriggan Wanderer began the quest for the
                  | Orb.
     0 | D:1      | Descartes set off with the following items: a +0 dagger, a
                  | potion of curing, a +0 robe, a +0 buckler; and the
                  | following spell memorised: Sting; and the following spells
                  | available to memorise: Ignite Poison
     0 | D:1      | Reached XP level 1. HP: 10/10 MP: 3/3
   684 | D:1      | Reached XP level 2. HP: 14/14 MP: 0/5
   989 | D:1      | Found a faded altar of an unknown god.
  1111 | D:1      | Reached skill level 1 in Dodging
  1647 | D:2      | Reached skill level 1 in Short Blades
  1647 | D:2      | Reached XP level 3. HP: 18/18 MP: 4/6
  1822 | D:2      | Reached skill level 1 in Poison Magic
  1903 | D:2      | Found a bloodstained altar of Trog.
  2325 | D:2      | Noticed Natasha
  2345 | D:2      | Slain by Natasha

Illustrated notes

Levels and vault maps discovered:
D:1:      matt_arrival_los_fun, layout_basic,
          shapermc_ecumenical_altar_rom_forum
D:2:      layout_basic, basic_altar, uniq_natasha

Skill      XL: |  1  2  3 |
---------------+----------+-----
Stealth        | 2 |  2.4
Dodging        | 1 |  1.1
Short Blades   | 1 |  1.2
Poison Magic   | 1 |  1.1
Spellcasting   | 2 |  2.0
Fighting       | |  1.0
Long Blades    | |  1.0
Throwing       | |  1.0
Shields        | |  1.3
Hexes          | |  1.2
Transmutations | |  4.0

Action                   || total
-------------------------++-------
Melee: Dagger            ||    51
 Cast: Sting             ||    74
Armor: Robe              ||     4
Dodge: Dodged            ||    46
Block: Buckler           ||    13
